 Dungeon Crawl Stone Soup version 0.31-a0-369-g8eba5f6939 (webtiles) character file.

Game seed: 1689275564739170705

102 Dordric the Shooter (level 5, 0/39 HPs)
             Began as a Formicid Hunter on July 28, 2023.
             Slain by Grinder (2 damage)
             ... on level 3 of the Dungeon.
             The game lasted 00:01:33 (1897 turns).

Dordric the Shooter (Formicid Hunter)               Turns: 1897, Time: 00:01:34

Health: 0/39       AC:  3    Str: 16    XL:     5   Next: 6%
Magic:  5/5        EV: 12    Int:  8    God:
Gold:   106        SH:  0    Dex: 19    Spells: 4/4 levels left

rFire   . . .        a - +0 shortbow
rCold   . . .        (no shield)
rNeg    . . .        c - +0 leather armour
rPois   .            (helmet unavailable)
rElec   .            e - scarf {shadows}
rCorr   .            (no gloves)
SInv    +            (no boots)
Will    .....        (no amulet)
Stlth   ++           (no ring)
HPRegen 0.26/turn    (no ring)
MPRegen 0.09/turn

%: no passive effects
@: no status effects
A: permanent stasis, dig shafts and tunnels, antennae 3, four strong arms
a: Dig, Shaft Self


You were on level 3 of the Dungeon.
You visited 1 branch of the dungeon, and saw 3 of its levels.

You collected 106 gold pieces.

Inventory:

Hand Weapons
 a - a +0 shortbow (weapon)
Armour
 c - a +0 leather armour (worn)
 e - a scarf of shadows (worn)
Scrolls
 b - 2 scrolls of butterflies
 d - a scroll of blinking {unknown}
 f - 2 scrolls of identify {unknown}
 g - a scroll of enchant weapon {unknown}
 h - a scroll of immolation {unknown}
 j - a scroll of fear {unknown}
 l - a scroll of teleportation {unknown}
Potions
 i - 2 potions of curing {unknown}
 k - 2 potions of attraction {unknown}
 m - a potion of invisibility {unknown}
 n - a potion of might {unknown}


   Skills:
 - Level 2.3 Fighting
 + Level 5.7 Ranged Weapons
 + Level 0.0 Armour
 - Level 1.9 Dodging
 - Level 1.6 Stealth


You had 4 spell levels left.
You didn't know any spells.
Your spell library contained the following spells:

 Spells                   Type           Power      Damage    Failure   Level
 Poisonous Vapours        Pois/Air       0%         N/A       63%         2
 Mephitic Cloud           Conj/Pois/Air  0%         N/A       85%         3
 Freezing Cloud           Conj/Ice/Air   0%         6-21      100%        5


Dungeon Overview and Level Annotations

Branches:
Dungeon (3/15)

Altars:

Annotations:
D:3 Grinder


Innate Abilities, Weirdness & Mutations

You cannot be hasted, slowed, berserked, paralysed or teleported.
You can dig through walls and to a lower floor.
You have a pair of large antennae on your head. (SInv)
Your four strong arms can wield two-handed weapons with a shield.


Message History

The arrow hits Grinder but does no damage.
Grinder is heavily wounded.
Grinder says, "Mostly I couldn't keep them alive."
Grinder gestures at you. Pain shoots through your body!
Grinder says, "There's only one good use for a tongue: cutting it out."
Grinder hits you but does no damage.
You shoot an arrow. The arrow barely misses Grinder.
Grinder hits you!
You writhe in agony.
You are too injured to fight recklessly!
You are too injured to fight recklessly!
You are too injured to fight recklessly!
You are too injured to fight recklessly!
You shoot an arrow. The arrow barely misses Grinder.
Grinder gestures at you.
You struggle to resist.
You shoot an arrow. The arrow hits Grinder.
Grinder is severely wounded.
Grinder hits you.
You writhe in agony.
You shoot an arrow. The arrow hits Grinder.
Grinder is severely wounded.
Grinder gestures at you. You resist with significant effort.
You shoot an arrow. The arrow hits Grinder.
Grinder is severely wounded.
Grinder hits you!
* * * LOW HITPOINT WARNING * * *
You shoot an arrow. The arrow hits Grinder!
Grinder is almost dead.
Grinder says, "DUCK!"
Grinder gestures at you.
Your stasis prevents you from being paralysed.
You shoot an arrow.
The arrow hits Grinder but does no damage.
Grinder is almost dead.
Grinder gestures at you. You resist with significant effort. Grinder hits you!
* * * LOW HITPOINT WARNING * * *
You writhe in agony.
You die...

##.##### .......##
.#.###..# ###+#####
.### ##.# #≈≈~≈≈#.##
.# #.###≈~≈~≈#..# .#≈
#..'#~≈~≈~#..+ .#≈#
#.###≈~≈~≈#..# .#≈≈#
#.# ###'###.#
.#≈≈≈##.###.....@#
##≈≈≈≈#..[..~..5~....#
#≈≈≈~~~~≈~~~≈~~~≈.~..#
#~≈≈~~~~.~~~~≈.~~≈~~.#
#~~~≈~≈~~~≈~~.≈~≈~≈≈~~
#..≈≈~~≈~~~~~~~~~~~≈~#
##...)~....~..~.#≈~~≈#
###.#...#......#
#.....###.


You could see Grinder.

Vanquished Creatures
  An iguana (D:3)
  2 adders (D:2)
  A worm (D:2)
  2 dart slugs (D:2)
  An orc (D:3)
  3 ball pythons
  4 bats
  2 endoplasms (D:2)
  2 giant cockroaches
  5 goblins
  3 hobgoblins
  10 jackals
  A quokka (D:2)
  5 kobolds
  4 rats
46 creatures vanquished.

Notes
Turn   | Place    | Note
-------+----------+-------------------------------------------
     0 | D:1      | Dordric the Formicid Hunter began the quest for the Orb.
     0 | D:1      | Reached XP level 1. HP: 16/16 MP: 1/1
   109 | D:1      | Reached XP level 2. HP: 14/23 MP: 2/2
   349 | D:1      | Reached XP level 3. HP: 28/28 MP: 3/3
  1103 | D:2      | Reached skill level 5 in Ranged Weapons
  1136 | D:2      | Identified the scarf "Tolij" {rC+ rF+, Harm Rampage Will-
                  | Str+2}
  1182 | D:2      | Reached XP level 4. HP: 34/34 MP: 4/4
  1358 | D:2      | Found a faded altar of an unknown god.
  1689 | D:3      | Reached XP level 5. HP: 39/39 MP: 5/5
  1879 | D:3      | Noticed Grinder
  1897 | D:3      | Slain by Grinder

Illustrated notes

Levels and vault maps discovered:
D:1:      scummos_arrival_hexagon, layout_basic
D:2:      layout_loops_ring, shapermc_ecumenical_altar_hornbeckon,
          minmay_shallow_snake_nest
D:3:      layout_loops_corners, nicolae_tso_besieged_by_evil, serial_rivers,
          chequers_serial_rivers_small_a, chequers_serial_rivers_large_a,
          chequers_serial_rivers_micro_e, chequers_serial_rivers_room_b,
          chequers_serial_rivers_small_3, chequers_serial_rivers_small_b,
          uniq_grinder

Skill      XL: |  1  2  3 |
---------------+----------+-----
Ranged Weapons | 5 |  5.7
Fighting       | |  2.3
Dodging        | |  1.9
Stealth        | |  1.6

Action                     |  1- 3 |  4- 6 || total
---------------------------+-------+-------++-------
   Fire: Shortbow          |   103 |    48 ||   151
 Armour: Leather armour    |    25 |     5 ||    30
  Dodge: Dodged            |    62 |     6 ||    68

Table legend: (Time is in decaauts)
 A = Elapsed time spent in this place.
 B = Non-inter-level travel time spent in this place.
 C = Inter-level travel time spent in this place.
 D = Time resting spent in this place.
 E = Time spent auto-exploring this place.
 F = Levels seen in this place.
 G = Mean time per level.
                   A        B        C        D        E       F      G
               +--------+--------+--------+--------+--------+-----+--------+
         Total |   1931 |   1893 |     38 |      0 |   1608 |   3 |  643.7 |
       Dungeon |   1931 |   1893 |     38 |      0 |   1608 |   3 |  643.7 |
               +--------+--------+--------+--------+--------+-----+--------+

Top non-repeatable levels by time:
     D:1: 907 daAuts
     D:2: 703 daAuts
     D:3: 320 daAuts
